AoeStats
← 只会打步弓

Arena

509915870Analyzed
4v4 RM · 3d ago on Sep 28, 2026· 52m 0s· 8 players
Game mode
Random Map
Map size
Large (8 player)
Population
200
Speed
Normal
Resources
Standard
Victory
Conquest
Starting age
Dark Age
Ending age
Imperial Age
RankedLock teamsTeams togetherTeam positionsShared explorationLock speedFull tech treeHidden civsTurbo modeCheats
Victory
Defeat
🇨🇿 Poles · Czechia
1766
+10
🇷🇺 Byzantines · Russia
1758
+10
🇦🇷 Bengalis · Argentina
1638
+15
🇲🇽 Malay · Mexico
1580
+16
🇨🇳 Huns · China
1645
-14
🇨🇳 Persians · China
1630
-13
🇨🇳 Bohemians · China
1617
-13
🇮🇳 Mongols · India
1562
-11
Dark_Shelly
10:15 Feudal Age
11:20 Double-Bit Axe
14:05 Castle Age
13:27 Horse Collar
15:17 Bow Saw
20:17 Loom
21:10 Wheelbarrow
21:47 Heavy Plow
24:28 Hand Cart
24:07 Stone Mining
24:07 Gold Mining
28:57 Imperial Age
26:45 Fletching
27:53 Ballistics
28:30 Gold Shaft Mining
27:53 Bodkin Arrow
29:43 Masonry
29:09 Onager
30:13 Bracer
30:13 Padded Archer Armor
32:06 Drill
31:11 Capped Ram
33:07 Conscription
32:28 Siege Ram
33:32 Siege Engineers
34:33 Chemistry
35:35 Leather Archer Armor
36:45 Elite Mangudai
37:39 Bloodlines
37:30 Husbandry
38:59 Hoardings
40:36 Thumb Ring
40:57 Parthian Tactics
43:49 Stone Shaft Mining
LUCKY
11:40 Feudal Age
15:12 Castle Age
13:27 Double-Bit Axe
13:57 Horse Collar
16:28 Bow Saw
16:53 Heavy Plow
22:30 Wheelbarrow
23:52 Hand Cart
23:48 Stone Mining
24:39 Gold Mining
26:19 Gold Shaft Mining
27:04 Loom
29:30 Fletching
32:17 Imperial Age
30:06 Scale Barding Armor
30:12 Forging
30:08 Marauders
30:17 Town Watch
31:20 Bloodlines
31:11 Husbandry
33:12 Chain Barding Armor
33:28 Iron Casting
32:23 Elite Tarkan
33:24 Conscription
35:17 Plate Barding Armor
35:03 Bodkin Arrow
35:11 Pikeman
35:52 Squires
35:37 Arson
37:04 Two-Man Saw
38:36 Light Cavalry
40:06 Halberdier
41:51 Scale Mail Armor
42:52 Blast Furnace
42:47 Hussar
45:43 Coinage
45:31 Chain Mail Armor
46:46 Bracer
48:40 Man-at-Arms
50:28 Padded Archer Armor
只会打步弓
10:13 Feudal Age
14:27 Castle Age
12:27 Horse Collar
14:29 Double-Bit Axe
16:45 Bow Saw
17:19 Loom
18:42 Fervor
34:03 Imperial Age
34:09 Sanctity
47:34 Wheelbarrow
48:20 Pikeman
49:00 Squires
48:47 Arson
49:27 Scale Mail Armor
50:49 Chain Mail Armor
50:45 Forging
小胖子
9:41 Feudal Age
13:17 Castle Age
11:37 Double-Bit Axe
11:33 Horse Collar
11:39 Horse Collar
19:49 Wheelbarrow
21:10 Bow Saw
21:00 Heavy Plow
21:49 Gold Mining
26:47 Imperial Age
25:15 Hand Cart
26:18 Gold Shaft Mining
25:35 Stone Mining
26:18 Scale Barding Armor
27:08 Bloodlines
27:20 Chain Barding Armor
26:33 Cavalier
27:28 Loom
28:02 Husbandry
28:51 Plate Barding Armor
28:57 Guilds
29:45 Forging
29:59 Devotion
31:02 Conscription
32:16 Iron Casting
32:00 Savar
33:34 Town Watch
34:02 Capped Ram
35:40 Stone Shaft Mining
36:19 Blast Furnace
37:51 Crop Rotation
38:23 Two-Man Saw
40:08 Coinage
42:27 Banking
43:49 Light Cavalry
46:31 Hussar
Velky kanec
10:28 Feudal Age
14:31 Castle Age
12:20 Double-Bit Axe
13:04 Horse Collar
16:08 Bow Saw
16:17 Heavy Plow
21:49 Wheelbarrow
22:00 Gold Mining
22:05 Stone Mining
24:15 Stone Shaft Mining
25:12 Hand Cart
27:30 Imperial Age
24:47 Loom
25:03 Treadmill Crane
26:15 Bloodlines
26:05 Husbandry
26:34 Scale Barding Armor
26:39 Forging
27:40 Chain Barding Armor
27:34 Szlachta Privileges
27:33 Cavalier
28:39 Conscription
29:24 Chemistry
29:25 Crop Rotation
30:29 Iron Casting
32:26 Blast Furnace
31:07 Capped Ram
33:50 Ballistics
34:27 Fletching
36:40 Squires
36:27 Arson
36:32 Elite Obuch
37:32 Fortified Wall
37:33 Masonry
38:25 Scale Mail Armor
40:15 Chain Mail Armor
39:56 Bodkin Arrow
40:09 Siege Engineers
40:32 Town Watch
41:25 Coinage
41:39 Plate Mail Armor
42:32 Hoardings
41:58 Guard Tower
41:53 Arrowslits
42:10 Siege Ram
44:39 Bracer
44:55 Caravan
45:26 Banking
45:00 Light Cavalry
47:00 Keep
52:06 Padded Archer Armor
Kayros
10:29 Feudal Age
14:10 Castle Age
12:30 Horse Collar
13:01 Double-Bit Axe
15:35 Bow Saw
16:13 Wheelbarrow
22:21 Heavy Plow
22:14 Gold Mining
22:16 Loom
23:01 Hand Cart
23:39 Town Watch
28:23 Imperial Age
26:34 Scale Barding Armor
26:36 Stone Mining
27:27 Forging
27:21 Padded Archer Armor
27:35 Fletching
28:35 Bodkin Arrow
28:56 Leather Archer Armor
28:48 Elite Elephant Archer
29:30 Bracer
30:32 Chemistry
30:22 Ballistics
31:49 Ring Archer Armor
31:28 Siege Engineers
31:36 Bloodlines
31:27 Husbandry
31:50 Conscription
33:18 Paiks
35:23 Gold Shaft Mining
35:59 Crop Rotation
36:17 Murder Holes
36:32 Masonry
37:15 Coinage
40:19 Mahayana
41:23 Chain Barding Armor
42:41 Two-Man Saw
41:36 Siege Elephant
43:31 Caravan
44:02 Banking
43:42 Guilds
44:10 Plate Barding Armor
44:12 Iron Casting
44:09 Architecture
44:01 Shipwright
46:31 Light Cavalry
51:08 Elite Skirmisher
[RUS-F] Dourdom
11:12 Feudal Age
14:50 Castle Age
12:54 Double-Bit Axe
13:01 Horse Collar
14:35 Wheelbarrow
16:17 Bow Saw
22:17 Hand Cart
25:32 Imperial Age
24:11 Fletching
23:42 Crossbowman
24:23 Loom
25:15 Bodkin Arrow
25:12 Gold Mining
25:23 Heavy Plow
27:22 Chemistry
28:12 Bracer
29:47 Ballistics
31:30 Padded Archer Armor
31:35 Pikeman
33:03 Halberdier
34:20 Scale Mail Armor
36:16 Chain Mail Armor
38:12 Plate Mail Armor
39:05 Block Printing
39:35 Forging
39:29 Caravan
41:05 Sanctity
41:46 Fortified Wall
42:01 Treadmill Crane
43:32 Squires
44:08 Iron Casting
46:17 Leather Archer Armor
45:49 Elite Skirmisher
48:04 Ring Archer Armor
48:19 Conscription
48:05 Guard Tower
kazumakine
5:10 Loom
10:28 Feudal Age
15:29 Castle Age
13:36 Double-Bit Axe
14:21 Town Watch
22:38 Forging
23:39 Bow Saw
31:06 Imperial Age
30:24 Pikeman
31:05 Squires
31:43 Iron Casting
33:40 Chemistry
34:16 Horse Collar
35:09 Halberdier
37:54 Ballistics
37:45 Masonry
38:02 Fletching
39:12 Bodkin Arrow
46:13 Blast Furnace
46:01 Wheelbarrow
50:42 Bracer
50:43 Padded Archer Armor
51:07 Elite Karambit Warrior
52:19 Arson
Connection lost

Rejoining the realm…

Still unreachable

The connection could not be restored.

Session expired

The server has moved on; the page needs a fresh start.